[Event "Bangabandhu Premier Div League 2022"]
[Site "Dhaka"]
[Date "2022.12.01"]
[Round "2.3"]
[White "Sankalan Shah"]
[Black "Kushagra Mohan"]
[Result "1/2-1/2"]
[ECO "A88"]
[WhiteElo "2218"]
[BlackElo "2390"]
[Annotator "TA"]
[PlyCount "82"]
[EventDate "2022.12.01"]
[EventCountry "BAN"]
[SourceTitle "playchess.com"]
[Source "ChessBase"]
[SourceQuality "1"]
[TimeControl "40/5400+30:1800+30"]

1. d4 f5 2. c4 Nf6 3. Nf3 g6 4. g3 Bg7 5. Bg2 O-O 6. O-O d6 7. Nc3 Qe8 8. b3 Na6 9. Ba3 c6 10. Qc2 Rb8 {[%emt 0:00:30] A88: Dutch Defence: Leningrad System: 5 Nf3 0-0 6 0-0 d6 7 Nc3 c6.} 11. e4 fxe4 12. Nxe4 Bf5 {[%emt 0:00:30] White is slightly better.} 13. Nxf6+ Bxf6 14. Qd2 b5 15. cxb5 {[%emt 0:00:30] [#]} cxb5 $146 ({Predecessor:} 15... Rxb5 16. Rfe1 Qd7 17. Rac1 Nc7 18. Nh4 Nd5 19. Nxf5 gxf5 20. Bh3 e6 21. Re2 Rbb8 22. Rce1 Rfe8 23. Bg2 Rb5 {½-½ (23) De Francesco,K (2289)-Grimberg,B (2309) Bad Neustadt/Saale 2008}) 16. Qa5 (16. Rac1 $16) 16... Rb6 17. Rad1 (17. Bc1 $14) 17... Bc2 18. Rd2 (18. Rc1 $14 {is more appropriate.} Be4 19. Qd2) 18... Be4 $11 19. Re1 Qa8 20. Nh4 Bxg2 21. Nxg2 Rc8 ({Black should try} 21... b4 $17 22. Bb2 Qb7) 22. Bb2 Qb7 (22... Nc7 $5 ) 23. Ne3 Nb8 {[%emt 0:00:30] White must now prevent ...Ra6.} 24. Rc2 (24. Rde2 $14) 24... Rxc2 $15 25. Nxc2 b4 26. Ne3 {And now Nc4 would win.} e6 (26... Kf7 {keeps more tension.} 27. Ng4 Nd7 28. Nxf6 Nxf6 29. Qg5 Qd5) 27. Ng4 $1 Be7 28. Rxe6 Ra6 $2 {[%emt 0:00:30] [#]} (28... Kf7 $1 $11 {and Black is okay.} 29. d5 Nd7) 29. Rxe7 $1 $18 Qxe7 30. Qxb4 {[%emt 0:00:00] White is more active.} Rb6 (30... Rxa2 $16 31. Qxb8+ Qf8 32. Nf6+ Kf7 33. Qxf8+ (33. Nxh7 $2 Qxb8 34. Ng5+ Ke7 $19) 33... Kxf8) 31. Qc4+ Kf8 32. d5 Nd7 $2 (32... Qe1+ {keeps fighting.} 33. Kg2 Nd7) 33. Qc8+ Qe8 34. Bg7+ $2 $40 {[%emt 0:00:59][%mdl 128] White attacks with force.} Ke7 (34... Kf7 $16 35. Nh6+ Ke7) 35. Qc7 {[%emt 0:01:27] Hoping for Nf6.} h5 $2 (35... Kf7) 36. Nf6 Qd8 {[%emt 0:00:00] [#]} 37. Qxa7 $2 (37. Bf8+ $1 Qxf8 38. Nxd7 (38. Qxd7+ $2 {is the wrong capture.} Kxf6 39. Qxa7 Rb5 $19)) 37... Rb4 $2 (37... Qc8 $18 38. Nxd7 Rb7) 38. Nxd7 Qxd7 {[%emt 0:00:30] [#]} 39. Bf6+ $1 Ke8 (39... Kxf6 40. Qxd7) 40. Qe3+ $2 (40. Qa8+ {mates} Rb8 41. Qxb8+ Qc8 42. Qxc8+ Kf7 43. Qe6+ Kf8 44. Qe7+ Kg8 45. Qg7#) 40... Kf7 $16 41. Bc3 Rb5 {[%emt 0:28:21] Weighted Error Value: White=0.56/Black=0.62} 1/2-1/2

[Event "Bangabandhu Premier Div League 2022"]
[Site "Dhaka"]
[Date "2022.12.01"]
[Round "2.4"]
[White "Harsha Bharathakoti"]
[Black "Idani, Pouya"]
[Result "0-1"]
[ECO "A21"]
[WhiteElo "2582"]
[BlackElo "2631"]
[Annotator "TA"]
[PlyCount "84"]
[EventDate "2022.11.30"]
[EventType "team-tourn"]
[EventCountry "BAN"]
[SourceTitle "playchess.com"]
[Source "ChessBase"]
[SourceQuality "1"]
[TimeControl "40/5400+30:1800+30"]

1. c4 e5 2. Nc3 d6 3. g3 Be7 4. Bg2 f5 5. d4 Nf6 6. Nf3 (6. dxe5 {simplifies} dxe5 7. Qxd8+ Bxd8 8. b3) 6... e4 {[%emt 0:00:16] A21: English Opening: 1...e5 2 Nc3.} 7. Ng5 c6 8. h4 d5 $5 {[%emt 0:09:33][%mdl 4] The position is equal. Exploring less charted territory.} 9. Qb3 {[%emt 0:06:26] [#]} h6 $146 ({Predecessor:} 9... O-O 10. Nh3 Be6 11. Qxb7 dxc4 12. Nf4 Bf7 13. O-O Nbd7 14. Qxc6 Rc8 15. Qb5 Nb6 16. Qxf5 Qxd4 {1-0 (34) Thejkumar,M (2433)-Osmak,I (2438) Chess.com INT 2020}) 10. Nh3 dxc4 11. Qxc4 b5 12. Qb3 (12. Nxb5 $2 cxb5 13. Qxb5+ Bd7 $19) 12... Qxd4 (12... a5 $5 ) 13. Nf4 $1 Qb4 14. Qc2 O-O $1 15. a4 Kh7 16. O-O Na6 17. Bd2 {[%emt 0:05:28][%mdl 1024] White has compensation.} Qc4 {[%emt 0:02:31] Hoping for ...b4.} 18. b3 {[%emt 0:01:05] Inhibits b4.} Qc5 {[%emt 0:00:39] ...b4 is the strong threat.} (18... Nb4 $5 19. Qb2 Qf7 $15) 19. Be3 {[%emt 0:00:26] Prevents b4.} Qe5 20. h5 Re8 21. axb5 cxb5 22. Ng6 Qc7 {[%emt 0:00:18] Strongly threatening ...b4.} 23. Rfc1 Qb7 24. Bd4 (24. Ra5 $5 ) 24... Bd8 {[%emt 0:02:52] White should prevent ...Nb4.} 25. Nf4 Nb4 26. Qd2 Nc6 27. Bc5 (27. Bxf6 $11 Bxf6 28. Rab1) 27... a6 (27... Bc7 $1 $17 {And now ...b4 would win.} 28. Rd1 Be5) 28. Ra2 (28. Ncd5 $11) 28... Ne5 ({Black should play} 28... Bc7 $17 29. f3 e3) 29. Rac2 (29. Bd4 $11 Bd7 30. Rac2) 29... Qf7 $15 30. Bd4 {[%emt 0:00:31] Black must now prevent Bxe5.} Bb7 $1 (30... Nxh5 31. Bxe5 Bb7 32. Qd4 Nxf4 33. Bxf4 $18 (33. gxf4 Re7 $16)) 31. Bxe5 Rxe5 32. Qd4 {[%emt 0:00:33] Against e3} Re8 33. Nd1 {[%emt 0:00:04] [#]} ({White should try} 33. e3 $1 $15) 33... Nd5 $1 $19 (33... Qxb3 34. Ne3 Qa4 35. Qxa4 bxa4 36. Nxf5 $14) (33... Nxh5 34. Nxh5 Qxh5 35. Rc7 Bxc7 36. Rxc7 $11) 34. Nxd5 Bxd5 ({Worse is} 34... Qxd5 35. Qxd5 Bxd5 36. b4 $17) 35. Ne3 (35. b4 {was called for.}) 35... Bxb3 {[%emt 0:01:30] This pair of bishops is nice.} 36. Bh3 Bxc2 (36... Qxh5 37. Bxf5+ (37. Rc7 $2 Bxc7 38. Rxc7 Bf7 $19) 37... Kg8 38. Rc6 $16) 37. Bxf5+ {[%emt 0:00:03] [#]} Kh8 $1 38. Bg6 Qf6 39. Qd5 (39. Qxf6 Bxf6 40. Bxe8 Rxe8 41. Rxc2) 39... Rf8 40. Qxa8 (40. Ng4 $19 Qb2 41. Rxc2 Qxc2 42. Qxa8 Qxe2 43. Qxe4 Qxe4 44. Bxe4) 40... Qxf2+ {[%emt 0:00:05] Black mates.} 41. Kh1 Qxe3 42. Rxc2 Qxg3 {[%emt 0:00:10] Weighted Error Value: White=0.45/Black=0.21 (precise)} 0-1

[Event "Bangabandhu Premier Div League 2022"]
[Site "Dhaka"]
[Date "2022.12.01"]
[Round "2.4"]
[White "Jabed Al Azad"]
[Black "Jamal Uddin"]
[Result "0-1"]
[ECO "B41"]
[WhiteElo "2084"]
[BlackElo "2092"]
[Annotator "TA"]
[PlyCount "91"]
[EventDate "2022.12.01"]
[EventCountry "BAN"]
[SourceTitle "playchess.com"]
[Source "ChessBase"]
[SourceQuality "1"]
[TimeControl "40/5400+30:1800+30"]

1. e4 c5 2. Nf3 e6 3. d4 cxd4 4. Nxd4 a6 5. c4 Qc7 6. Bd3 Nf6 7. Nc3 b6 (7... Nc6 $11 8. Nf3 b6) 8. Qe2 {[%emt 0:00:30] B41: Sicilian: Kan Variation: 5 c4.} (8. f4 $16) 8... d6 9. O-O Nbd7 10. f4 {Inhibits Ne5. White is slightly better.} Bb7 11. Bd2 (11. g4 $16) 11... Be7 $14 12. b4 O-O 13. Rac1 Rfe8 {[%emt 0:01:00] [#]} 14. Rfe1 $146 ({Predecessor:} 14. Nf3 Rac8 15. a3 Bf8 16. Kh1 Qb8 17. Rce1 g6 18. e5 Nh5 19. Be4 f5 20. exf6 Ndxf6 {1-0 (36) Spraggett,K (2511)-Pinho,P (2200) Vila Nova de Famalicao 2019}) 14... Nf8 15. f5 ({White should play} 15. a3 $14) 15... N6d7 16. fxe6 fxe6 (16... Nxe6 17. Nf5 $14) 17. Nf3 Bf6 18. Bf4 Ng6 19. Bg3 Nde5 20. Nb1 Rf8 21. Nbd2 Rae8 ({Better is} 21... a5 $15 22. b5 Nd7) 22. Kh1 $11 Qd7 23. b5 axb5 24. cxb5 Rc8 25. Nc4 {[%emt 0:00:00] And now Nfxe5 would win.} Nxc4 (25... Qxb5 $2 26. Ncxe5 (26. Nxd6 $2 Qxd3 27. Nxc8 Qxe2 $19) 26... Qa4 27. Nxg6 hxg6 28. Bxd6 $18) (25... Nxd3 $1 $11 26. Qxd3 Qxb5 27. Qxd6 Rc6) 26. Bxc4 $14 Rfe8 27. Bd3 Rf8 (27... Rxc1 {simplifies} 28. Rxc1 e5 29. a4 Kh8) 28. Bc4 d5 (28... Rfe8 $11) 29. exd5 exd5 30. Bd3 d4 31. Nd2 (31. Rxc8 $16 Rxc8 32. a4) 31... Bg5 $2 (31... Rce8 $11 {and Black has nothing to worry.} 32. Qd1 Rxe1+ 33. Qxe1 Bd5) 32. Rxc8 $18 Rxc8 (32... Qxc8 33. Nc4 Be3 34. Nxe3 (34. Nxb6 Qd8 $16) 34... dxe3) 33. Nc4 Rf8 34. Nxb6 Qd8 (34... Qh3 35. Rf1 Rxf1+ 36. Qxf1 Bd8) 35. Qe6+ Kh8 36. Nc4 $2 ({And not} 36. Bxg6 hxg6 37. Nd7 (37. Qxg6 d3 $11) 37... Bc8 38. Qh3+ Kg8 39. Qe6+ Kh8 40. Qh3+ Kg8 41. Qe6+ Kh8 $11) (36. Nd7 $18 {and the rest is easy.} Nh4 37. Nxf8 Bxg2+ 38. Kg1) 36... Bd5 $16 37. Qe2 {[%emt 0:00:00] Hoping for Ne5.} Nf4 38. Bxf4 Bxf4 39. Qh5 {[%emt 0:00:00][%csl Gd3][%cal Rh5h7] Against Qh4} Bh6 $1 40. Qe2 (40. Rf1 $16 {Threatens to win with Rxf8+.} Rxf1+ 41. Bxf1) 40... Qh4 (40... Bf4 $11 41. Qh5 Bh6) 41. Ne5 (41. Kg1 Bf4 42. h3 Qg3 43. Qf1 Qh2+ 44. Kf2 {[#]} Bxg2 $1 45. Qxg2 Bg3+ 46. Ke2 Qxg2+ 47. Kd1 Bxe1 48. Be2 Rf2 49. Ne5 Rxe2 50. Nf7+ Kg8 51. Kc1 Kxf7 52. Kd1 Rxa2 53. Kxe1 Qh1#) (41. Nd2 $1 $14) 41... Rf2 (41... Bf4 $11 {keeps the balance.} 42. Nf3 Bxf3 43. gxf3 Bxh2) 42. Nf7+ $2 Bxf7 $19 {[%emt 0:00:23] A strong pair of Bishops.} 43. Qe8+ Bg8 $1 {[%emt 0:00:02] ( -> ...Bf4)} 44. Bc4 {[%emt 0:00:00][%csl Gc4][%cal Re8g8] [#]} Rf8 45. g3 (45. Qxf8 Qxe1+) 45... Qf6 (45... Rxe8 $2 46. Rxe8 $18) 46. Ra1 {[%emt 0:02:30] Weighted Error Value: White=0.62/Black=0.35} 0-1

[Event "Bangabandhu Premier Div League 2022"]
[Site "Dhaka"]
[Date "2022.12.01"]
[Round "2.5"]
[White "Mohammed Abdul, Malek"]
[Black "Haque, Rezaul"]
[Result "1-0"]
[ECO "C41"]
[WhiteElo "2152"]
[BlackElo "1949"]
[Annotator "TA"]
[PlyCount "97"]
[EventDate "2022.12.01"]
[EventCountry "BAN"]
[SourceTitle "playchess.com"]
[Source "ChessBase"]
[SourceQuality "1"]
[TimeControl "40/5400+30:1800+30"]

1. e4 d6 2. d4 Nf6 3. Nc3 e5 4. Nf3 Bg4 5. dxe5 Bxf3 {[%emt 0:00:00][%mdl 64] [#] Remove Defender} 6. Qxf3 {[%emt 0:00:20] C41: Philidor Defence.} dxe5 7. Bc4 Nbd7 {[%emt 0:02:00] [#]} 8. g4 $146 {[%emt 0:00:00] White is much more active. The black rooks are badly placed. White is better.} ({Predecessor:} 8. O-O Bd6 9. Bg5 O-O 10. Qg3 g6 11. Bh6 Re8 12. a3 Nh5 13. Qg5 Qxg5 14. Bxg5 {½-½ (54) Cristescu,A (1049)-Simion,A (1368) Calimanesti Caciulata 2016}) 8... h6 9. h4 Nb6 $1 {[%emt 0:00:00] Against g5} 10. Bb3 {[%emt 0:00:30] Black must now prevent g5.} Qd7 11. Rg1 (11. g5 $16 hxg5 12. Bxg5 (12. hxg5 Qg4 $17)) 11... Bb4 (11... O-O-O $1 $11) 12. Bd2 (12. a3 {simplifies} Bxc3+ 13. Qxc3 Qe7 14. Qf3) 12... O-O-O 13. O-O-O {[%emt 0:00:30][%cal Od2h6] Threatens to win with Bxh6!} Qc6 14. Nd5 (14. Bxf7 $6 Rhf8 $14) (14. a3 $16 Bxc3 15. Bxc3) 14... Nfxd5 $11 15. exd5 Bxd2+ 16. Rxd2 Qf6 17. Qc3 Kb8 $36 {[%emt 0:00:00][%mdl 2048] Black has the initiative.} 18. a4 Nc8 19. Kb1 (19. h5 $11 {remains equal.}) 19... Nd6 $17 (19... Qxh4 20. Qxe5 Qg5 21. Re2 $11) 20. Re1 {[%emt 0:00:00] Prevents Ne4.} (20. Qh3 $15) 20... Qxh4 21. Rxe5 Qxg4 {[%emt 0:00:00] And now ...Ne4 would win.} 22. Re7 (22. Qg3 $142 Qb4 23. Rde2) 22... Rc8 $19 23. Ka2 h5 24. a5 $2 (24. f3 Qf4 25. Rg2) 24... Ne4 25. Rxe4 Qxe4 26. a6 Qg6 (26... bxa6 27. Rd4 Qe8 28. Ba4 $18) 27. d6 Qe4 {[%emt 0:00:00][%mdl 8192] [#]} (27... bxa6 $2 28. Qb4+ Ka8 29. dxc7 Rxc7 30. Bd5+ Rc6 31. Re2 $18 (31. Bxc6+ Qxc6 32. Qf4 Re8 $17)) (27... cxd6 $19 {avoids the disaster.} 28. Qb4 Rc7 29. Rxd6 Qf5 30. axb7 Qxf2) 28. Rd4 $1 $18 {[%emt 0:00:00] Black is on the road to losing.} Qc6 (28... cxd6 {was called for.} 29. Qxc8+ (29. Rxe4 Rxc3 30. bxc3 h4 $16) 29... Kxc8 30. Rxe4 bxa6 31. Bxf7 g5) 29. axb7 {[%emt 0:00:00] Chess con chili.} Qxc3 (29... Qxb7 $2 30. Rb4 (30. Bxf7 $2 {too greedy.} cxd6 31. Bc4 Rc6 $19) 30... Rhd8 31. Rxb7+ Kxb7 32. dxc7 Rxc7 33. Qxg7 $18) 30. bxc8=Q+ Rxc8 $2 (30... Kxc8 {keeps fighting.} 31. bxc3 Rh6 32. Bxf7 h4) 31. bxc3 cxd6 32. Bxf7 {[%emt 0:00:00] Rb4+ is the strong threat.} Rxc3 {[%emt 0:00:00][%mdl 4096] Endgame KRB-KR} 33. Kb2 ({Less strong is} 33. Bxh5 Rxc2+ 34. Kb3 Rxf2 $16) 33... Rc5 34. Rxd6 {[%emt 0:00:30] White is clearly winning.} Rf5 35. Bg6 Rb5+ 36. Kc3 h4 37. Kc4 {[%emt 0:00:00] Prevents a5.} Rg5 38. Be4 Re5 (38... Kc8 $142 39. f4 Rh5) 39. Kd4 Re7 40. Rd8+ Kc7 41. Rh8 Kb6 42. Rxh4 a5 43. c4 a4 44. Rh8 Ka5 45. Ra8+ Kb4 46. Rb8+ Ka5 47. c5 a3 48. Bd5 Re2 49. c6 {[%emt 0:00:00] Weighted Error Value: White=0.29 (precise) /Black=0.50} 1-0

[Event "Bangabandhu Premier Div League 2022"]
[Site "Dhaka"]
[Date "2022.12.01"]
[Round "2.5"]
[White "Mohammad, Shameem"]
[Black "Nayem, Haque"]
[Result "1/2-1/2"]
[ECO "E11"]
[WhiteElo "1892"]
[BlackElo "2189"]
[Annotator "TA"]
[PlyCount "72"]
[EventDate "2022.11.30"]
[EventType "team-tourn"]
[EventCountry "BAN"]
[SourceTitle "playchess.com"]
[Source "ChessBase"]
[SourceQuality "1"]
[TimeControl "40/5400+30:1800+30"]

1. d4 Nf6 2. c4 e6 3. Nf3 d5 4. g3 Bb4+ 5. Bd2 a5 6. a3 Be7 {[%emt 0:01:57] E11: Bogo-Indian.} 7. Bg2 O-O 8. Qc2 dxc4 {[%emt 0:08:33] The position is equal.} 9. Qxc4 b6 10. Nc3 (10. Bf4 {is interesting.} c5 11. Ne5 Ba6 12. Qb3) 10... Bb7 11. O-O Nbd7 12. Bg5 Rc8 13. Rfd1 Nd5 14. Bxe7 Qxe7 {[%emt 0:00:22] [#]} 15. Qd3 $146 ({Predecessor:} 15. Nxd5 Bxd5 16. Qd3 f5 17. Rac1 Nf6 18. Ne5 Bxg2 19. Kxg2 Nd5 20. Nc6 Qd6 21. e3 {1-0 (50) Firat,B (2474)-Antonov,A (2309) Tornelo INT 2020}) 15... Rfd8 16. Rac1 Nxc3 17. Rxc3 Nc5 18. Qc2 (18. Qe3 {simplifies} Na4 19. Rc2 c5 20. b3) 18... Ne4 {[%emt 0:19:02] [#]} (18... Be4 {simplifies} 19. Qd2 Nd7 20. Qc1 c5) 19. Ng5 $1 Qxg5 20. Bxe4 Bxe4 21. Qxe4 Qd5 {[%emt 0:03:14] Prevents Qb7.} 22. Qxd5 Rxd5 $14 {[%emt 0:03:59][%mdl 4096] Endgame KRR-KRR} 23. e3 Kf8 24. Rdc1 Rb5 25. R1c2 Ke8 26. a4 Rb4 27. Rc4 Rxc4 28. Rxc4 $11 {[%emt 0:00:03] KR-KR} Kd7 29. Kf1 c6 30. Ke2 b5 31. Rc5 Rb8 32. b3 Kc7 33. Kf3 Kd6 34. h4 f6 35. g4 Rb7 36. Ke4 Rb8 {[%emt 0:02:19] Weighted Error Value: White=0.06 (flawless) /Black=0.06 (flawless)} 1/2-1/2

[Event "Bangabandhu Premier Div League 2022"]
[Site "Dhaka"]
[Date "2022.12.01"]
[Round "2.6"]
[White "Ghosh, Diptayan"]
[Black "Habibur Rahman, Sohel"]
[Result "1-0"]
[ECO "B38"]
[WhiteElo "2544"]
[BlackElo "1871"]
[Annotator "TA"]
[PlyCount "77"]
[EventDate "2022.11.30"]
[EventType "team-tourn"]
[EventCountry "BAN"]
[SourceTitle "playchess.com"]
[Source "ChessBase"]
[SourceQuality "1"]
[TimeControl "40/5400+30:1800+30"]

1. Nf3 Nf6 2. c4 c5 3. Nc3 g6 4. e4 Bg7 5. d4 cxd4 6. Nxd4 d6 7. Be2 a6 8. O-O O-O 9. Be3 Nc6 10. Qd2 Re8 11. Rac1 Bd7 12. Rfd1 Rc8 13. f3 Ne5 14. b3 {[%emt 0:06:18] B38: Sicilian: Maroczy Bind with 5...Bg7 and 7...0-0.} Qa5 15. Bf1 Nc6 16. a4 {[%emt 0:10:01] White is slightly better.} Qh5 (16... Qb4 $14) 17. Nde2 {[%emt 0:02:12] [#]} ({White should play} 17. Nxc6 Bxc6 18. b4) 17... Red8 $146 {[%emt 0:04:48] This costs Black the game.} (17... Qa5 $16) ({Predecessor:} 17... Qa5 18. Rb1 Ne5 19. Nd4 Qb4 20. Rdc1 Nc6 21. Nc2 Qa5 22. Ne1 Ne5 23. h3 Nc6 {1-0 (23) Tuomala,T (2218)-Erlund,K Finland 2001}) 18. Nd5 $18 Nxd5 19. exd5 ({Much less strong is} 19. cxd5 $6 Ne5 20. Ng3 Nxf3+ 21. gxf3 Qxf3 $16) 19... Ne5 {[%emt 0:03:40] [#]} 20. Ng3 $1 {[%emt 0:01:42] Prevents h6.} Nxf3+ (20... Qh4 $2 21. Bg5 $18) 21. gxf3 Qxf3 22. Qf2 Qg4 23. Qf4 Bb2 24. Rb1 Be5 25. Qxg4 Bxg4 26. Be2 Bd7 27. a5 f5 28. Bg5 Re8 29. Bd3 Kg7 30. Ne2 h6 31. Be3 g5 (31... e6 $142 32. dxe6 Rxe6) 32. Nd4 f4 33. Bf2 h5 34. Ne6+ Kf6 35. Be4 Rh8 36. Kh1 h4 (36... Rb8 $142 37. Rbc1 Rhe8) 37. h3 Rb8 38. Rg1 Rhg8 {[%emt 0:01:14] [#]} (38... Rbg8 {was worth a try.} 39. Bf3 Bxe6 40. dxe6 Rb8) 39. Nxg5 $1 {[%emt 0:03:37][%mdl 512] Weighted Error Value: White=0.10 (very precise) /Black=0.37} 1-0

[Event "Bangabandhu Premier Div League 2022"]
[Site "Dhaka"]
[Date "2022.12.01"]
[Round "2.6"]
[White "Rahman, Siddiqur"]
[Black "Muthaiah AL"]
[Result "0-1"]
[ECO "D95"]
[WhiteElo "1970"]
[BlackElo "2454"]
[Annotator "TA"]
[PlyCount "120"]
[EventDate "2022.12.01"]
[EventCountry "BAN"]
[SourceTitle "playchess.com"]
[Source "ChessBase"]
[SourceQuality "1"]
[TimeControl "40/5400+30:1800+30"]

1. d4 Nf6 2. c4 g6 3. Nc3 d5 4. Nf3 Bg7 5. e3 O-O 6. Qb3 e6 7. Bd2 b6 8. cxd5 exd5 9. Rc1 {[%emt 1:13:27] D95: Grünfeld: 4 Nf3 Bg7 5 e3 0-0 6 Qb3.} c5 10. Be2 {[%emt 0:00:30] [#]} Be6 $146 ({Predecessor:} 10... Nc6 11. O-O Bf5 12. dxc5 bxc5 13. Qb5 Qd6 14. Qa6 Rfc8 15. b4 {½-½ (15) Ivanov,M (2486)-Hillarp Persson,T (2538) Gothenburg 2010}) 11. O-O {[%emt 0:00:00] The position is equal.} Ne4 12. Rfd1 (12. Qa4 {simplifies} Nxd2 13. Nxd2 cxd4 14. exd4 a6 15. Nf3) 12... Nc6 13. Be1 c4 14. Qa4 Nxc3 15. Bxc3 Qd7 (15... Qd6 {is interesting.} 16. Bxc4 dxc4 17. d5 Bxd5 18. e4 Bxc3 19. Rxc3 Qb4) 16. b3 Rfc8 (16... a6 {seems wilder.} 17. bxc4 Nxd4 18. Qxd7 Nxe2+ 19. Kf1 Bxd7 20. Kxe2 Bxc3 21. Rxc3 Rfc8) 17. Qa6 (17. bxc4 Nxd4 $1 18. Qxd7 Nxe2+ 19. Kf1 Bxd7 $17) 17... Nb8 18. Qa3 Bf8 19. Bb4 Bxb4 20. Qxb4 Nc6 21. Qb5 cxb3 22. Qxb3 Na5 23. Qb4 Rxc1 24. Rxc1 Rc8 25. Rc3 Rxc3 26. Qxc3 f6 27. h3 Qc6 28. Qa3 Kf7 {[%emt 0:00:14] Inhibits Qe7+.} 29. g4 h6 30. Nh4 {[%emt 0:00:00] Qd3 is the strong threat.} (30. Bd3 $5 ) 30... g5 31. Nf5 Bxf5 32. gxf5 $11 {[%emt 0:00:00][%mdl 4096] Endgame Bh5+ would kill now. KQB-KQN} Qd7 $1 33. Bh5+ Kg7 34. Qb4 Nc4 35. e4 a5 36. Qc3 b5 37. Bg4 dxe4 {[%emt 0:00:00] Threatens to win with ...Qc7.} 38. a4 $1 Nd6 {[%emt 0:00:52] And now ...b4 would win.} 39. axb5 Nxb5 (39... Nxf5 $2 40. b6 (40. Qxa5 e3 $16) 40... Qd8 41. Bxf5 $18) 40. Qxa5 Nxd4 41. Qa8 Nc6 {[%emt 0:30:53] Active counter play!} 42. Be2 e3 43. fxe3 Ne5 (43... Ne7 {simplifies} 44. e4 Nc6 45. Qa4 Qc7) 44. e4 h5 (44... Qd4+ {with more complications.} 45. Kf1 Qe3 46. Qb7+ Nf7) 45. Bxh5 Qd4+ 46. Kh1 Qc3 47. Bg4 Qe1+ 48. Kg2 Nd3 49. Qa7+ Kh6 50. Bf3 $2 (50. Qd4 $11 Qd2+ 51. Kg3) 50... Nf4+ $19 51. Kh2 Qf1 $1 52. Qa3 Qf2+ $2 (52... Nxh3 $2 53. Qf8+ Kh7 54. Qf7+ Kh8 55. Qxf6+ Kh7 56. Qg6+ Kh8 57. Qh6+ Kg8 58. Qxh3 $18 (58. Bg2 Qf4+ 59. Kh1 Qc1+ 60. Kh2 Qf4+ 61. Kh1 Qc1+ 62. Kh2 Qf4+ $11)) ({Black should play} 52... Qxh3+ $19 53. Kg1 g4 54. Qf8+ Kg5 55. Qg8+ Kh4 56. Qxg4+ Qxg4+ 57. Bxg4 Kxg4 58. Kh1 Kf3 59. Kg1 Kxe4 60. Kf2 Nd5 61. Kg3 Ne7 62. Kh4 Nxf5+ 63. Kg4 Ne7 64. Kg3 f5 65. Kh4 f4 66. Kh3 f3 67. Kg3 Ke3 68. Kh3 f2 69. Kg2 Nf5 70. Kf1 Ng3+ 71. Kg2 f1=Q+ 72. Kxg3 Qg1+ 73. Kh4 Kf4 74. Kh5 Qg5#) 53. Kh1 $11 Qf1+ $2 (53... Nxh3 $2 54. Qf8+ Kh7 55. Qf7+ Kh8 56. Qxf6+ Kg8 57. Qg6+ Kh8 58. Qh6+ Kg8 59. Qxh3 $18) (53... Qe1+ $11 54. Kh2 Qf2+ 55. Kh1 Qf1+ 56. Kh2 Qxh3+ 57. Kg1 g4 58. Qf8+ Kg5 59. Qg8+ (59. Qg7+ $2 Kh4 $19) 59... Kh4 60. Qxg4+ Qxg4+ 61. Bxg4 Kxg4 62. Kf2 Nh3+ 63. Kg2 Ng5 64. Kh2 Nxe4 65. Kg2 Kxf5 66. Kf3 Ke5 67. Kg4 f5+ 68. Kf3 Ng5+ 69. Kg3 f4+ 70. Kg2 f3+ 71. Kg3 Kf5 72. Kh2 Kf4 73. Kh1 Ne4 74. Kh2 f2 75. Kg2 Ke3 76. Kf1 Ng3+ 77. Kg2 f1=Q+ 78. Kh2 Qf2+ 79. Kh3 Kf4 80. Kh4 Qh2#) 54. Kh2 $19 Qxh3+ (54... Nxh3 $2 55. Qf8+ Kh7 56. Qf7+ Kh8 57. Qxf6+ Kh7 58. Qg6+ Kh8 59. Qh6+ Kg8 60. Qxh3 $18 (60. Bg2 Qf4+ 61. Kh1 Qc1+ 62. Kh2 Qf4+ 63. Kh1 Qc1+ 64. Kh2 Qf4+ $11)) 55. Kg1 {[%emt 0:00:30] [#]} g4 $1 {[%emt 0:00:09] Black is clearly winning.} 56. Qf8+ Kg5 57. Qg7+ {[%emt 0:00:14] [#]} Kh4 $1 58. Qxf6+ Kg3 {[%emt 0:00:01] ( -> ...Qh2+)} 59. Qb2 {[%emt 0:00:33] Prevents Qh2+.} gxf3 ({Weaker is} 59... Kxf3 60. Qc3+ Ke2 61. Qc2+ Kf3 62. Qc3+ Kxe4 63. Qc4+ Ke5 64. Qc7+ Kf6 65. Qxf4 $11) 60. Qf2+ Kg4 {[%emt 0:00:07] Weighted Error Value: White=0.20 (precise) /Black=0.14 (very precise)} 0-1

[Event "Bangabandhu Premier Div League 2022"]
[Site "Dhaka"]
[Date "2022.12.01"]
[Round "2.7"]
[White "Harikrishnan.A.Ra"]
[Black "Swarnavo Choudhury"]
[Result "1-0"]
[ECO "D02"]
[WhiteElo "2409"]
[BlackElo "1977"]
[Annotator "TA"]
[PlyCount "59"]
[EventDate "2022.12.01"]
[EventCountry "BAN"]
[SourceTitle "playchess.com"]
[Source "ChessBase"]
[SourceQuality "1"]
[TimeControl "40/5400+30:1800+30"]

1. d4 d5 2. Nf3 Nf6 3. c3 e6 4. Bf4 Bd6 5. e3 O-O 6. Nbd2 {[%emt 0:00:00] D02: 1 d4 d5 2 Nf3 sidelines, including 2...Nf6 3 g3 and 2...Nf6 3 Bf4.} c5 7. Bg3 b6 8. Ne5 {[%emt 0:00:30] The position is equal. is now debated instead of 8.Bd3.} Bxe5 (8... Qc7 $11) 9. Bxe5 Ba6 10. Bxa6 Nxa6 11. O-O Nb8 {[%emt 0:01:00] [#]} 12. Bg3 $146 ({Predecessor:} 12. f4 Nc6 13. Qf3 Ne8 14. f5 Nxe5 15. dxe5 exf5 16. Qxf5 Qc8 17. Qf4 Qe6 18. Rf3 {1-0 (69) Mollah Abdullah,A (2461)-Rahman,M (2296) Dhaka 2015}) 12... Nc6 13. Bh4 e5 (13... Kh8 $14) 14. dxc5 $1 $16 bxc5 {[%emt 0:00:00] [#]} 15. c4 $1 Ne7 16. Bxf6 gxf6 17. cxd5 Qxd5 18. Qc2 ({White should play} 18. Qg4+ Kh8 {[#]} 19. Qh4 $1) 18... f5 19. Rfd1 Rac8 (19... Qe6 $16) 20. Nc4 $18 Qc6 21. Nxe5 Qe6 22. Nd3 c4 (22... Nd5 $142 23. Qc4 (23. Nxc5 Nxe3 24. Qc1 Nxd1 $16) 23... Nb4) 23. Nf4 Qe5 24. Rd4 Rc5 25. Rad1 ({Resist} 25. Rxc4 $6 Rxc4 26. Qxc4 Qxb2 $18) 25... Kg7 26. Qc3 ({Don't play} 26. Rxc4 Rfc8 $18) 26... Rfc8 (26... Nc6 {keeps fighting.} 27. Qc1 Kg8) 27. Nh5+ Kg6 28. f4 Qb8 {[%emt 0:01:00] Prevents e4.} 29. Rd6+ Kxh5 30. Qg7 {[%emt 0:00:00] Weighted Error Value: White=0.07 (flawless) /Black=0.58} 1-0